 Dungeon Crawl Stone Soup version 0.28-a0-674-gdaf460b524 (webtiles) character file.

Game seed: 16116664142269236196

106 avis the Ruffian (level 4, -3/38 HPs)
             Began as a Hill Orc Transmuter on Oct 18, 2021.
             Killed by miscasting Spider Form (4 damage)
             ... on level 3 of the Dungeon.
             The game lasted 00:09:02 (2342 turns).

avis the Ruffian (Hill Orc Transmuter)              Turns: 2342, Time: 00:09:03

Health: -3/38      AC:  4    Str: 13    XL:     4   Next: 84%
Magic:  3/6        EV: 12    Int: 13    God:
Gold:   72         SH:  0    Dex: 11    Spells: 2/6 levels left

rFire   . . .      SeeInvis .     - Unarmed
rCold   . . .      Faith    .   (no shield)
rNeg    . . .      Spirit   .   a - +0 robe
rPois   .          Reflect  .   (no helmet)
rElec   .          Harm     .   i - +0 cloak
rCorr   .          Rampage  .   (no gloves)
Will    .....                   n - +0 pair of boots
Stlth   +.........              (no amulet)
HPRegen 0.12/turn               (no ring)
MPRegen 0.10/turn               (no ring)

@: lethally poisoned (-3 -> -8), very slightly contaminated
A: no striking features
a: no special abilities


You were on level 3 of the Dungeon.
You visited 1 branch of the dungeon, and saw 3 of its levels.

You collected 72 gold pieces.

Inventory:

Hand Weapons
 k - a +1 dagger of holy wrath
Missiles
 b - 27 arrows
 l - 41 stones
 o - 23 bolts
 p - 17 poisoned darts
Armour
 a - a +0 robe (worn)
 i - a +0 cloak (worn)
 n - a +0 pair of boots (worn)
Scrolls
 c - a scroll of teleportation
 e - a scroll of identify
Potions
 d - 3 potions of cancellation
 f - a potion of curing {unknown}
 g - a potion of flight {unknown}
 h - a potion of experience {unknown}
 j - a potion of degeneration {unknown}
 m - a potion of brilliance {unknown}


   Skills:
 - Level 3.0 Fighting
 - Level 1.5 Dodging
 - Level 5.0 Unarmed Combat
 - Level 1.5 Spellcasting
 * Level 1.9 Transmutations


You had 2 spell levels left.
You knew the following spells:

 Your Spells              Type           Power      Damage    Failure   Level
a - Beastly Appendage     Tmut           10%        N/A       12%         1
p - Spider Form           Tmut/Pois      1%         N/A       47%         3

Your spell library contained the following spells:

 Spells                   Type           Power      Damage    Failure   Level
 Wereblood                Tmut           5%         N/A       19%         2
 Ice Form                 Ice/Tmut       3%         N/A       87%         4


Dungeon Overview and Level Annotations

Branches:
Dungeon (3/15)

Altars:


Message History

You hit the wight. You claw the wight, but do no damage.
The wight is severely damaged.
The wight barely misses you. The wight closely misses you.
You closely miss the wight. You claw the wight.
You headbutt the wight, but do no damage.
The wight is almost destroyed.
The wight closely misses you. The wight barely misses you.
You hit the wight.
You destroy the wight!
Your horns disappear.
Your talons disappear.
Your +0 pair of boots unmelds from your body.
The wight completely misses you.
Your life force feels restored.
Training target 3.0 for Fighting reached!
Your Fighting skill increases to level 3!
You need to enable at least one skill for training.
You hit the wight but do no damage. The wight barely misses you.
You hit the wight but do no damage.
You hear the slow rusting of a distant drain.
The wight hits you with a +1 flail!
* * * LOW HITPOINT WARNING * * *
Okay, then.
Casting: Beastly Appendage (safe; 12% risk of failure)
Confirm with . or Enter, or press ? or * to list all spells.
Okay, then.
Adjust (i)tems, (s)pells, or (a)bilities?
Okay, then.
Adjust (i)tems, (s)pells, or (a)bilities?
Adjust which spell? b - Spider Form Adjust to which letter? p - Spider Form
Casting: Beastly Appendage (safe; 12% risk of failure)
Confirm with . or Enter, or press ? or * to list all spells.
The spell is quite dangerous to cast (47% risk of failure)!
Continue anyway?
You miscast Spider Form.
You are very lightly contaminated with residual magic.
You feel rather nauseous for a moment.
You are lethally poisoned!
You die...

................
#..##..##..##..#
..####....## #.## # #.##
##..## ##..######..
...## #..# ##......#....
....###..###............
#.#..........#..........
#.#..........#..........
....###..###....@...###
...## #..# ##...z).##
..## #..# ##......# ..#
.... #$.....# ... ..##..
.....:.# . ...
.........?.. ...#...#...
.....##.#...#


You could see a wight.

Vanquished Creatures
  A wight (D:3)
  3 adders (D:2)
  5 ball pythons
  4 bats
  3 endoplasms
  2 goblins (D:2)
  4 hobgoblins
  2 jackals (D:1)
  A quokka (D:2)
  2 frilled lizards (D:2)
  7 kobolds
  4 rats (D:2)
38 creatures vanquished.

Notes
Turn   | Place    | Note
-------+----------+-------------------------------------------
     0 | D:1      | avis the Hill Orc Transmuter began the quest for the Orb.
     0 | D:1      | Reached XP level 1. HP: 16/16 MP: 3/3
   353 | D:1      | Reached XP level 2. HP: 19/23 MP: 1/4
   427 | D:1      | Reached skill level 4 in Unarmed Combat
  1398 | D:2      | Reached XP level 3. HP: 26/29 MP: 3/5
  1715 | D:2      | Reached skill level 5 in Unarmed Combat
  1715 | D:2      | Reached XP level 4. HP: 18/36 MP: 6/6
  1862 | D:2      | Learned a level 3 spell: Spider Form
  2341 | D:3      | HP: 1/38 [wight (14)]
  2342 | D:3      | Killed by miscasting Spider Form

Illustrated notes

Levels and vault maps discovered:
D:1:      lightli_molten_gateway, layout_loops_ring
D:2:      layout_basic, minmay_fractal_squares_gapless_5
D:3:      layout_rooms, lemuel_tele_altar, gup_sewer_entry_pipe,
          shapermc_ecumenical_altar_venn, palyth_stone_intersect,
          grunt_decor_one_mirror, kennysheep_crisscross, glass_columns_c,
          grunt_ministairs_10, minmay_misc_feat_columns

Skill      XL: |  1  2  3  4 |
---------------+-------------+-----
Unarmed Combat | 4 5 |  5.0
Fighting       | 2 3 |  3.0
Dodging        | |  1.5
Spellcasting   | |  1.5
Transmutations | |  1.9

Action                   |  1- 3 |  4- 6 || total
-------------------------+-------+-------++-------
Melee: Unarmed           |    89 |    21 ||   110
       Kick              |    11 |     5 ||    16
       Headbutt          |    10 |     3 ||    13
       Punch             |     1 |       ||     1
 Cast: Beastly Appendage |    28 |     7 ||    35
  Use: Scroll            |       |     4 ||     4
Armor: Robe              |    28 |     1 ||    29
Dodge: Dodged            |    51 |    13 ||    64

Table legend: (Time is in decaauts)
 A = Elapsed time spent in this place.
 B = Non-inter-level travel time spent in this place.
 C = Inter-level travel time spent in this place.
 D = Time resting spent in this place.
 E = Time spent auto-exploring this place.
 F = Levels seen in this place.
 G = Mean time per level.
                   A        B        C        D        E       F      G
               +--------+--------+--------+--------+--------+-----+--------+
         Total |   2338 |   2242 |     96 |    491 |   1279 |   3 |  779.3 |
       Dungeon |   2338 |   2242 |     96 |    491 |   1279 |   3 |  779.3 |
               +--------+--------+--------+--------+--------+-----+--------+

Top non-repeatable levels by time:
     D:2: 1186 daAuts
     D:1: 1051 daAuts
     D:3: 100 daAuts
